Map: Automaton LE

Players

Twine

  • Race: Terran Terran
  • League: Grandmaster
  • Spawn Location: 3:00

Lambo - Winner!

  • Race: Zerg Zerg
  • League: Grandmaster
  • Spawn Location: 9:00

VOD

Have the link to the VOD?

Description

Time

  • Played on: Dec. 5, 2018, 11:34 a.m.
  • Length: 12:40
Show
View Real Time Build Order
Export as new Build Order

Twine Terran 

Build Orders: Reaper Expand 

Get SALT Encoding   

  12  0:00  SCV  
  13  0:12  SCV  
  14  0:18  Supply Depot  
  14  0:25  SCV  
  15  0:40  SCV  
  15  0:41  Barracks  
  16  0:46  Refinery  
  16  0:52  SCV  
  17  1:04  SCV  
  18  1:16  SCV  
  19  1:28  Orbital Command  
  19  1:29  Reaper  
  20  1:41  Command Center  
  20  1:50  Supply Depot  
  20  1:53  SCV  
  21  2:01  Marine  
  21  2:06  SCV  
  23  2:09  Factory  
  23  2:18  SCV  
  24  2:23  Barracks Reactor  
  24  2:30  SCV  
  25  2:42  SCV  
  26  2:46  Command Center  
  26  2:53  Orbital Command  
  26  2:54  SCV  
  27  3:08  Hellion x2, Barracks Tech Lab  
  27  3:09  SCV  
  32  3:20  SCV  
  32  3:24  SCV  
  34  3:27  Marine, Stimpack  
  34  3:28  Refinery  
  34  3:32  Hellion  
  34  3:33  Hellion, SCV  
  40  3:36  SCV  
  41  3:45  Marine, SCV  
  43  3:48  SCV  
  43  3:52  Refinery  
  44  3:57  SCV  
  44  3:58  Engineering Bay  
  44  4:00  Engineering Bay  
  46  4:06  SCV, Orbital Command  
  46  4:09  SCV  
  47  4:13  Marine  
  47  4:16  Factory Reactor  
  48  4:21  Barracks  
  48  4:22  Barracks  
  48  4:23  SCV  
  50  4:24  SCV  
  50  4:29  Terran Infantry Weapons Level 1  
  50  4:32  Terran Infantry Armor Level 1  
  50  4:35  Marine, SCV  
  50  4:37  SCV  
  53  4:42  Supply Depot  
  53  4:44  Supply Depot  
  53  4:45  SCV  
  54  4:47  SCV  
  54  4:49  SCV  
  56  4:53  Marine  
  56  4:57  SCV  
  56  4:59  SCV  
  59  5:01  SCV  
  59  5:05  Factory Reactor  
  59  5:06  Barracks x2  
  60  5:09  SCV  
  60  5:12  Barracks Reactor  
  61  5:15  Marine x3  
  61  5:17  SCV x2  
  66  5:22  Supply Depot, Marine  
  66  5:23  Refinery  
  66  5:24  Marine  
  66  5:26  Orbital Command  
  68  5:28  Armory  
  68  5:30  SCV x2  
  68  5:32  Marine  
  68  5:33  Marine  
  68  5:34  Starport  
  70  5:36  Combat Shield  
  70  5:42  Marine, SCV  
  72  5:43  Marine  
  72  5:45  Marine  
  72  5:48  SCV  
  75  5:50  Marine x2  
  75  5:52  SCV  
  75  5:53  Factory Reactor, Supply Depot  
  75  5:56  SCV  
  80  5:59  Supply Depot, Barracks Reactor x2  
  80  6:01  SCV  
  80  6:04  Marine x3, SCV  
  82  6:08  SCV  
  85  6:14  Marine x2, SCV  
  85  6:17  Supply Depot  
  88  6:20  Supply Depot x2, SCV  
  88  6:21  Marine  
  88  6:23  Marine x2  
  92  6:26  SCV  
  92  6:28  Terran Infantry Weapons Level 2  
  92  6:30  Terran Infantry Armor Level 2  
  92  6:32  Marine  
  94  6:33  Medivac x2  
  98  6:41  Marine  
  98  6:42  Marine x4, Hellbat x2  
  98  6:44  Marine  
  98  6:45  Marine  
  98  6:46  SCV x2  
  110  6:51  Marine  
  110  6:53  Supply Depot  
  111  6:55  Supply Depot  
  111  6:56  Marauder  
  111  6:58  Supply Depot  
  113  7:01  Supply Depot  
  113  7:02  Marine x3  
  113  7:03  Medivac x2, Marine  
  113  7:08  Hellbat x2  
  125  7:17  Marine x5  
  125  7:20  Marine  
  125  7:22  Supply Depot  
  131  7:23  Supply Depot  
  131  7:24  Marine x3  
  134  7:34  Marine x4  
  134  7:36  Marauder  
  138  7:37  Marine  
  138  7:42  Marine x3  
  116  7:52  Marine x4  
  116  7:55  Marine  
  116  7:56  Marine  
  97  7:59  Marine, Hellbat x2  
  97  8:00  Medivac, Marine x2  
  97  8:01  Medivac  
  108  8:07  SCV  
  108  8:10  Marine x4  
  113  8:13  Marine  
  113  8:14  Sensor Tower, Marine  
  113  8:17  Marine x3  
  118  8:22  Hellbat x2  
  122  8:28  Marine x4  
  122  8:30  Medivac  
  122  8:31  Marine  
  122  8:32  Marine  
  130  8:35  Marine x3  
  133  8:42  Medivac  
  133  8:46  Marine x4  
  139  8:49  Barracks, Marine  
  139  8:50  Barracks, Marine  
  139  8:51  Barracks, Hellbat x2  
  139  8:53  Marine  
  146  8:57  Factory  
  146  8:59  Terran Infantry Weapons Level 3  
  146  9:01  Terran Infantry Armor Level 3  
  146  9:07  Marine  
  147  9:10  Marine x5  
  152  9:19  Marine  
  152  9:21  Marine, Marauder  
  152  9:23  Hellbat x2  
  152  9:25  Liberator x2, Marine  
  152  9:28  Marine x3  
  123  9:36  Marine  
  104  9:39  Marine x2  
  112  9:49  Marine  
  112  9:50  Marauder, Hellbat  
  112  9:51  Factory Tech Lab, Marine, Hellbat  
  117  9:53  Barracks Tech Lab x3  
  117  9:59  Marine  
  118  10:00  Marine x2  
  118  10:01  Marine  
  118  10:02  Marine  
  118  10:05  Marine  
  123  10:07  Marine  
  123  10:09  Marine  
  123  10:11  Marine  
  123  10:13  Marauder x2, Concussive Shells  
  130  10:19  Marine x4  
  130  10:20  Marauder  
  136  10:25  Infernal Pre-Igniter  
  136  10:38  Marine, Marauder  
  136  10:39  Marine  
  136  10:40  Marauder  
  136  10:42  Marine  
  145  10:43  Marine, Marauder  
  145  10:44  Marauder  
  145  10:47  Sensor Tower  
  145  10:49  Marine  
  148  10:50  Marine x3  
  148  10:55  Hellbat  
  148  10:56  Marine  
  155  10:57  Marine  
  155  10:59  Hellbat  
  155  11:00  Marauder  
  155  11:01  Hellbat  
  162  11:08  Marine  
  162  11:10  Marine, Marauder  
  162  11:11  Marine, Marauder  
  157  11:13  Marine  
  157  11:14  Marine  
  157  11:16  Marine  
  159  11:21  Marine, Marauder  
  159  11:24  Hellbat  
  161  11:28  Supply Depot  
  161  11:30  Supply Depot  
  161  11:31  Hellbat  
  161  11:35  Marine, Marauder  
  161  11:37  Marine x2  
  146  11:43  Marauder  
  146  11:44  Marauder  
  142  11:53  Marine  
  142  11:54  Marine x3, Marauder  
  144  11:55  Marine  
  144  11:59  Marauder  
  135  12:18  Hellbat x2  
  135  12:19  Marine  
Show
View Real Time Build Order
Export as new Build Order

Lambo Zerg - Winner!

Build Orders: Hatch First 

Get SALT Encoding   

  12  0:00  Drone  
  13  0:12  Overlord  
  13  0:17  Drone  
  14  0:33  Drone x2  
  16  0:51  Hatchery  
  16  0:53  Drone  
  16  0:56  Drone  
  17  0:59  Drone  
  18  1:11  Extractor  
  17  1:15  Spawning Pool  
  17  1:18  Drone  
  17  1:21  Drone  
  18  1:28  Drone  
  20  1:40  Drone  
  20  1:51  Drone  
  21  2:02  Queen  
  21  2:03  Queen  
  21  2:04  Zergling x4  
  27  2:17  Hatchery  
  26  2:24  Overlord  
  26  2:25  Drone  
  26  2:28  Drone  
  28  2:34  Metabolic Boost  
  28  2:44  Drone x2  
  28  2:48  Queen  
  32  2:54  Overlord  
  32  2:56  Drone  
  33  2:59  Drone  
  33  3:05  Drone  
  35  3:10  Drone  
  37  3:20  Drone x3  
  37  3:21  Drone  
  37  3:22  Overlord  
  37  3:23  Queen  
  37  3:25  Drone  
  43  3:28  Drone  
  43  3:31  Queen  
  47  3:34  Drone  
  47  3:43  Queen  
  47  3:44  Drone x2  
  51  3:49  Drone  
  51  3:50  Overlord  
  51  3:52  Drone  
  52  3:57  Zergling x6  
  52  4:01  Baneling Nest  
  54  4:03  Overlord  
  54  4:08  Zergling x4  
  56  4:13  Drone  
  56  4:14  Drone  
  58  4:18  Drone x2  
  58  4:22  Zergling x2  
  61  4:26  Spore Crawler, Drone  
  61  4:28  Spore Crawler, Drone x2  
  62  4:33  Drone  
  62  4:34  Drone x2  
  65  4:40  Drone  
  65  4:44  Drone x7  
  65  4:45  Spore Crawler, Drone  
  73  4:49  Drone  
  75  4:53  Lair  
  75  4:54  Evolution Chamber  
  75  4:55  Extractor  
  75  4:57  Evolution Chamber  
  75  4:59  Drone x2  
  74  5:01  Drone, Extractor  
  74  5:05  Overlord  
  74  5:07  Overlord  
  74  5:11  Overlord  
  74  5:16  Overlord  
  74  5:17  Overlord  
  74  5:20  Overlord, Zerg Ground Armor Level 1  
  74  5:23  Overlord  
  74  5:26  Drone x6  
  80  5:29  Extractor  
  80  5:30  Drone x4  
  83  5:36  Drone  
  83  5:37  Pneumatized Carapace  
  83  5:38  Extractor  
  83  5:42  Drone, Zerg Melee Weapons Level 1  
  84  5:43  Drone x2  
  84  5:48  Hatchery  
  85  5:55  Zergling x10  
  90  5:59  Centrifical Hooks  
  90  6:03  Zergling x8  
  94  6:11  Hydralisk Den, Zergling x8  
  97  6:19  Zergling x6  
  97  6:24  Baneling x7  
  100  6:26  Baneling  
  100  6:34  Zergling x22  
  100  6:38  Overlord  
  110  6:45  Drone x2  
  111  6:50  Drone x2  
  111  6:52  Grooved Spines  
  111  6:56  Drone x4  
  111  6:57  Drone x2  
  117  7:04  Hydralisk x4  
  125  7:08  Hydralisk x2  
  125  7:09  Hydralisk  
  125  7:14  Hydralisk x3  
  137  7:20  Hydralisk  
  139  7:24  Zergling x2, Extractor  
  139  7:25  Zergling x8  
  143  7:30  Overlord  
  143  7:31  Baneling x8  
  143  7:35  Overlord  
  143  7:37  Baneling  
  143  7:38  Overlord, Baneling x2  
  143  7:42  Overlord  
  140  7:45  Baneling x4  
  140  7:48  Zergling x16  
  129  7:51  Zergling x6  
  129  7:56  Zergling x4  
  126  8:01  Zerg Ground Armor Level 2  
  126  8:03  Muscular Augments, Zergling x10  
  131  8:14  Drone x4  
  131  8:18  Hydralisk x3  
  141  8:24  Zerg Melee Weapons Level 2  
  141  8:29  Drone x2  
  141  8:30  Drone x2  
  141  8:31  Hatchery  
  144  8:34  Hydralisk x4  
  144  8:38  Zergling x2  
  144  8:39  Zergling x8  
  154  8:46  Zergling x10  
  159  8:52  Overlord  
  159  8:53  Overlord  
  159  8:55  Baneling  
  158  8:56  Baneling x14  
  158  9:08  Overlord  
  158  9:09  Baneling x7  
  158  9:12  Overlord  
  158  9:15  Overlord  
  158  9:16  Zergling x2  
  158  9:17  Zergling x20  
  166  9:21  Zergling x10  
  159  9:27  Zergling x10  
  152  9:32  Zergling x8  
  147  9:39  Hydralisk x4  
  147  9:42  Hydralisk  
  147  9:43  Hydralisk  
  158  9:48  Zergling x12  
  159  10:03  Hydralisk, Baneling x4  
  159  10:04  Zergling x12  
  166  10:08  Hydralisk, Zergling x2  
  166  10:09  Zergling x12  
  166  10:11  Baneling x13  
  175  10:16  Zergling x4  
  175  10:18  Hydralisk x2  
  175  10:21  Zerg Missile Weapons Level 1  
  181  10:23  Zergling x6  
  184  10:29  Hydralisk  
  184  10:30  Zergling x4  
  184  10:34  Zergling x2  
  184  10:35  Zergling x6  
  192  10:38  Zergling x12  
  198  10:46  Baneling x9  
  198  10:57  Overlord  
  198  11:03  Baneling x18  
  198  11:04  Infestation Pit  
  198  11:09  Zergling x14  
  200  11:14  Zergling x4  
  200  11:19  Baneling x11  
  199  11:26  Baneling x4  
  199  11:27  Zergling x2  
  200  11:37  Zergling x10  
  197  11:42  Zergling x10  
  198  11:56  Baneling x11  
  198  11:59  Zergling x2  
  199  12:03  Hatchery  
  199  12:04  Baneling x5  
  199  12:08  Overlord  
  194  12:12  Zergling x22  
  189  12:18  Zergling x30  
  189  12:19  Zergling x8  
Tags
 
Add a new tag
Caveats
  • Supply blocks, unpowered buildings, or Contaminate may cause inaccurate times.
  • Supply counts are checked every 10 seconds.